 Dungeon Crawl Stone Soup version 0.18-a0-1799-g6250cb2 (webtiles) character file.

10600 Duffy the Grappler (level 11, 0/100 HPs)
             Began as a Troll Fighter on Apr 23, 2016.
             Was a High Priest of Cheibriados.
             Slain by an 11-headed hydra (13 damage)
             ... on level 11 of the Dungeon.
             The game lasted 00:11:02 (8099 turns).

Duffy the Grappler (Troll Fighter)                  Turns: 8099, Time: 00:11:03

Health: 0/100      AC: 13    Str: 38    XL:     11   Next: 38%
Magic:  17/17      EV: 11    Int: 16    God:    Cheibriados [*****.]
Gold:   493        SH: 11    Dex: 21    Spells: 0 memorised, 10 levels left

rFire  . . .     SeeInvis .       - Unarmed
rCold  . . .     Gourm    +     F - +1 robe
rNeg   . . .     Faith    .     b - +0 shield
rPois  .         Spirit   .     (helmet restricted)
rElec  .         Dismiss  .     N - +2 cloak {MR+}
rCorr  .         Reflect  .     (gloves unavailable)
SustAt .         Harm     .     (boots unavailable)
MR     ++...                    Z - amulet of regeneration
Stlth  ++........               C - +4 ring of protection
                                m - ring of protection from magic

@: very slow, very resistant to hostile enchantments, unstealthy
A: unfitting armour, claws 3, fast metabolism 3, gourmand, regeneration 2,
shaggy fur 1, tough skin 2
a: Bend Time, Temporal Distortion, Slouch, Step From Time, Renounce Religion


You were on level 11 of the Dungeon.
You worshipped Cheibriados.
Cheibriados was extremely pleased with you.
You were completely stuffed.

You visited 2 branches of the dungeon, and saw 13 of its levels.

You collected 493 gold pieces.


Innate Abilities, Weirdness & Mutations

You are too large for most types of armour.
You have claws for hands.
Your metabolism is lightning-fast.
You like to eat raw meat.
You heal very quickly.
You are covered in fur (AC +1).
You have very tough skin (AC +2).


   Skills:
 - Level 4.2 Fighting
 - Level 4.2 Dodging
 - Level 2.4 Shields
 - Level 12.5 Unarmed Combat
 + Level 10.5 Invocations


You had 10 spell levels left.
You didn't know any spells.

Inventory:

Missiles
 j - 6 javelins (quivered)
 s - 30 poisoned needles
 t - 3 curare-tipped needles
 x - 3 large rocks
 G - 6 javelins of returning
 T - 3 tomahawks
Armour
 b - a +0 shield (worn)
 F - a +1 robe (worn)
 N - a +2 cloak of magic resistance (worn)
Jewellery
 m - a ring of protection from magic (left claw)
 C - a +4 ring of protection (right claw)
 Z - an amulet of regeneration (around neck)
Wands
 a - a wand of acid (6/15)
 B - a wand of acid (11/15)
 L - a wand of confusion (34/48)
 V - a wand of digging (17/24)
Scrolls
 k - 2 scrolls of fear
 n - 2 scrolls of recharging
 o - a scroll of random uselessness {unknown}
 q - 3 scrolls of remove curse
 y - a scroll of enchant armour {unknown}
 z - 2 scrolls of teleportation {unknown}
 A - 2 scrolls of fog
 I - a scroll of silence {unknown}
 K - 2 scrolls of blinking {unknown}
 M - 2 scrolls of immolation
 O - a scroll of vulnerability {unknown}
 P - a scroll of noise {unknown}
 W - a scroll of magic mapping {unknown}
Potions
 c - 2 potions of might
 e - 3 potions of degeneration
 f - 3 potions of brilliance
 g - 2 potions of agility
 i - 8 potions of curing
 v - 3 potions of berserk rage
 E - 2 potions of invisibility
 H - 3 potions of flight
 Q - a potion of magic {unknown}
 R - a potion of ambrosia {unknown}
 U - a potion of cancellation {unknown}
 X - a potion of mutation {unknown}
 Y - a potion of lignification {unknown}
Comestibles
 d - 12 bread rations
 l - a royal jelly
 p - 2 slices of pizza
 u - 3 beef jerkies
 w - 6 meat rations
 J - 3 chunks of flesh

Dungeon Overview and Level Annotations

Branches:
Dungeon (12/15)            Temple (1/1) D:5             Orc (0/2) D:10
   Lair: D:8-11

Altars:
Ashenzari
Cheibriados
Dithmenos
Elyvilon
Fedhas
Gozag
Kikubaaqudgha
Makhleb
Nemelex Xobeh
Okawaru
Pakellas
Qazlal
Ru
Sif Muna
Trog
Vehumet
Xom
Yredelemnul
Zin
The Shining One

Shops:
D:7 (   D:12 %}


Message History

You are too injured to fight recklessly!
You are too injured to fight recklessly!
You are too injured to fight recklessly!
You are too injured to fight recklessly!
You are too injured to fight recklessly!
You are too injured to fight recklessly!
You are too injured to fight recklessly!
You are too injured to fight recklessly!
You are too injured to fight recklessly!
You are too injured to fight recklessly!
You are too injured to fight recklessly!
You are too injured to fight recklessly!
You are too injured to fight recklessly!
You are too injured to fight recklessly!
You are too injured to fight recklessly!
You tear one of the ten-headed hydra's heads off!
The nine-headed hydra grows two more!
You scratch the 11-headed hydra.
The 11-headed hydra is heavily wounded.
You block the bat's attack. You block the 11-headed hydra's attack.
The 11-headed hydra bites you.
The 11-headed hydra barely misses you. x2
The 11-headed hydra bites you. x2; The 11-headed hydra barely misses you.
You block the 11-headed hydra's attack.
The 11-headed hydra bites you but does no damage. x2
The 11-headed hydra bites you.
The river rat bites the fungus!
You barely miss the 11-headed hydra.
The 11-headed hydra is heavily wounded.
You block the bat's attack.
The giant frog hits the fungus!
The 11-headed hydra bites you.
The 11-headed hydra bites you but does no damage.
The 11-headed hydra misses you.
The 11-headed hydra bites you but does no damage.
The 11-headed hydra closely misses you.
The 11-headed hydra bites you but does no damage.
You block the 11-headed hydra's attack. The 11-headed hydra bites you!
You die...

...###+#####..)..#####
.................#
#.......:....#
#.%#####.....# #..#
#.....# +..# #..####
+.%# #..# #.)# #..#
#@)# #..# ......b%D#
#... ##'#....Pr#
....P.PrF.
#........P...
..........P.r..
.P.%PP....PP...
..PP.####P..P..


You could see a 11-headed hydra, a giant frog, a river rat, a bat and 2 rats.

Action                   |  1- 3 |  4- 6 |  7- 9 | 10-12 || total
-------------------------+-------+-------+-------+-------++-------
Melee: Unarmed           |    98 |   173 |   286 |   187 ||   744
 Abil: Evoke Berserk Rag |       |     1 |       |       ||     1
  Use: Scroll            |     1 |       |    11 |     2 ||    14
 Stab: Sleeping          |     1 |       |     1 |       ||     2
       Distracted        |       |       |     1 |       ||     1
  Eat: Chunk             |    15 |    25 |    25 |    12 ||    77
Armor: Robe              |    30 |    54 |   137 |    62 ||   283
Dodge: Dodged            |    32 |    55 |   103 |    70 ||   260
Block: Shield            |    39 |    75 |   133 |   104 ||   351

Notes
Turn   | Place    | Note
--------------------------------------------------------------
     0 | D:1      | Duffy the Troll Fighter began the quest for the Orb.
     0 | D:1      | Reached XP level 1. HP: 22/22 MP: 0/0
    77 | D:1      | Reached XP level 2. HP: 29/29 MP: 1/1
   249 | D:1      | Reached skill level 3 in Unarmed Combat
   489 | D:1      | Reached XP level 3. HP: 36/36 MP: 2/2
   920 | D:2      | Reached skill level 4 in Unarmed Combat
  1034 | D:2      | Reached XP level 4. HP: 42/44 MP: 3/3
  1582 | D:3      | Found a sparkling altar of Nemelex Xobeh.
  1642 | D:3      | Found a white marble altar of Elyvilon.
  1644 | D:3      | Found a radiant altar of Vehumet.
  1677 | D:3      | Reached skill level 5 in Unarmed Combat
  1824 | D:3      | Noticed a water moccasin
  1836 | D:3      | Killed a water moccasin
  1836 | D:3      | Reached skill level 6 in Unarmed Combat
  1836 | D:3      | Reached XP level 5. HP: 28/50 MP: 4/4
  2645 | D:3      | Found an ancient bone altar of Kikubaaqudgha.
  2645 | D:3      | Found a basalt altar of Yredelemnul.
  2645 | D:3      | Found an opulent altar of Gozag.
  2682 | D:4      | Noticed ThereIsNoGod's ghost (amateur MiFi)
  2705 | D:3      | Reached XP level 6. HP: 18/59 MP: 5/5
  3041 | D:4      | Killed ThereIsNoGod's ghost
  3041 | D:4      | Reached skill level 7 in Unarmed Combat
  3408 | D:5      | Entered Level 5 of the Dungeon
  3596 | D:5      | Found a shimmering altar of Xom.
  3596 | D:5      | Found a glowing silver altar of Zin.
  3597 | D:5      | Noticed an angel
  3629 | D:5      | Reached XP level 7. HP: 66/66 MP: 6/6
  3661 | D:5      | Reached skill level 8 in Unarmed Combat
  3801 | D:5      | Found a staircase to the Ecumenical Temple.
  3830 | Temple   | Entered the Ecumenical Temple
  4059 | Temple   | Became a worshipper of Cheibriados the Contemplative
  4107 | D:5      | Reached skill level 9 in Unarmed Combat
  4429 | D:6      | Reached XP level 8. HP: 74/74 MP: 7/7
  4549 | D:6      | Reached skill level 10 in Unarmed Combat
  4685 | D:6      | Reached * piety under Cheibriados
  4847 | D:7      | Found Tipt's Antique Weapon Shoppe.
  4893 | D:7      | Reached skill level 11 in Unarmed Combat
  5424 | D:7      | Found a bloodstained altar of Trog.
  5425 | D:7      | Noticed a wizard
  5430 | D:7      | Killed a wizard
  5508 | D:7      | Reached XP level 9. HP: 78/80 MP: 8/8
  5581 | D:7      | Reached ** piety under Cheibriados
  5670 | D:8      | Reached skill level 12 in Unarmed Combat
  5697 | D:8      | Noticed Joseph
  5707 | D:8      | Killed Joseph
  5945 | D:8      | Reached skill level 3 in Fighting
  5980 | D:8      | Reached skill level 3 in Dodging
  6224 | D:8      | Reached skill level 4 in Fighting
  6228 | D:8      | Reached *** piety under Cheibriados
  6263 | D:8      | Reached skill level 4 in Dodging
  6857 | D:9      | Noticed a red devil
  6858 | D:9      | Noticed an orange demon
  6858 | D:9      | Noticed an orange demon
  6859 | D:9      | Noticed a red devil
  6889 | D:9      | Killed a red devil
  6889 | D:9      | Reached skill level 2 in Invocations
  7019 | D:10     | Entered Level 10 of the Dungeon
  7037 | D:10     | Noticed Erolcha
  7053 | D:10     | Killed Erolcha
  7053 | D:10     | Reached skill level 4 in Invocations
  7053 | D:10     | Reached XP level 10. HP: 59/93 MP: 9/12
  7178 | D:10     | Found a staircase to the Orcish Mines.
  7204 | D:10     | Noticed a hill giant
  7212 | D:10     | Killed a hill giant
  7212 | D:10     | Reached skill level 5 in Invocations
  7236 | D:10     | Reached skill level 6 in Invocations
  7359 | D:10     | You fall through a shaft for 2 floors!
  7412 | D:12     | Reached **** piety under Cheibriados
  7523 | D:12     | Reached skill level 7 in Invocations
  7573 | D:12     | Found Icitsuull's Gadget Shop.
  7601 | D:12     | Noticed a hill giant
  7605 | D:12     | Killed a hill giant
  7605 | D:12     | Reached skill level 8 in Invocations
  7657 | D:12     | Found Neofoz's Food Shoppe.
  7717 | D:12     | Noticed a cyclops
  7728 | D:12     | Killed a cyclops
  7764 | D:12     | Noticed a purple ugly thing
  7774 | D:12     | Killed a purple ugly thing
  7774 | D:12     | Reached XP level 11. HP: 100/100 MP: 16/16
  7796 | D:12     | Reached skill level 9 in Invocations
  7935 | D:12     | Noticed an eight-headed hydra
  8056 | D:11     | Reached skill level 10 in Invocations
  8068 | D:11     | Noticed George's ghost (journeyman FoFi)
  8070 | D:11     | Reached ***** piety under Cheibriados
  8087 | D:11     | Killed George's ghost
  8088 | D:11     | Noticed a seven-headed hydra
  8099 | D:11     | Slain by an 11-headed hydra

Vault maps used:
D:1:      erik_arrival_cave_to_civilisation, serial_bayou_ford_a,
          hangedman_decor_growths, minmay_misc_feat_tiny,
          minmay_misc_feat_encased, st_stairs_13, minmay_unequal
D:3:      nicolae_overflow_crystal_walls, nicolae_overflow_hidden_temple,
          grunt_decor_one_mirror
D:4:      serial_glass, glass_columns_c, glass_columns_b
D:5:      grunt_temple_overflow_order_and_chaos_1,
          minmay_temple_entry_statues_fountains, first_bread, roderic_batcave,
          grunt_decor_resistance
D:6:      minmay_item_behind_shaft
D:7:      serial_shops, shop_fountains, the_bakery, trog_wizard
D:8:      nrook_mini_backslash, uniq_joseph
D:9:      serial_shops, nicolae_shop_trees, lemuel_hellish_altar
D:10:     uniq_erolcha, uniq_erica
D:11:     lemuel_castle_with_subvaults, grunt_lair_entry_orc_guard_hut
D:12:     serial_shops, nicolae_shop_waterfront,
          nicolae_shop_scaring_up_business, nicolae_shop_waterfront
Temple:   oiseaux_autumnal_temple_12

Vanquished Creatures
  Erolcha
  The ghost of George the Blocker, a journeyman FoFi of Okawaru
  2 hill giants
  A wizard
  An ugly thing
  A cyclops Joseph
  2 gargoyles
  A kobold demonologist
  A red devil
  A troll
  A wraith
  2 shadows
  A yak
  A spriggan
  2 hungry ghosts
  4 wargs
  A water moccasin
  3 ice beasts
  2 orc warriors
  The ghost of ThereIsNoGod the Skirmisher, an amateur MiFi
  2 eyes of draining
  4 sky beasts
  3 black bears
  A necrophage
  4 ogres
  2 phantoms
  2 centaurs
  2 crocodiles
  6 giant frogs
  A water moccasin skeleton
  3 scorpions
  5 wights
  4 killer bees
  A howler monkey
  An electric eel
  A crimson imp
  A quasit
  4 hounds
  A centaur skeleton
  A giant frog zombie
  2 orc priests
  2 jellies
  2 iguanas
  4 orc wizards
  6 worker ants
  2 hound zombies
  2 hound skeletons
  A howler monkey zombie
  A worker ant zombie
  10 adders
  A howler monkey skeleton
  2 shadow imps
  2 oozes
  An adder skeleton
  3 worms
  2 dart slugs
  10 giant geckos
  20 orcs
  5 giant cockroaches
  5 goblins
  10 hobgoblins
  13 jackals
  3 quokkas
  A ball python
  20 bats
  7 giant newts
  8 kobolds
  12 rats
  A fungus
  A plant
239 creatures vanquished.
